 Dungeon Crawl Stone Soup version 0.17.0-27-g4a3f43e (webtiles) character file.

244 EternalSandwich the Twirler (level 5, -6/38 HPs)
             Began as a Demonspawn Gladiator on Nov 21, 2015.
             Was a Follower of Ashenzari.
             Mangled by EternalSandwich's ghost (10 damage)
             ... on level 4 of the Dungeon.
             The game lasted 00:08:38 (3287 turns).

EternalSandwich the Twirler (Demonspawn Gladiator)  Turns: 3287, Time: 00:08:38

Health: -6/38      AC:  9    Str: 16      XL:     5   Next: 83%
Magic:  5/5        EV: 15    Int:  9      God:    Ashenzari [*.....]
Gold:   214        SH:  0    Dex: 12 (14) Spells: 0 memorised, 4 levels left

rFire  . . .     SeeInvis .     x - +2 flail (protect)
rCold  + . .     Clarity  .     b - +0 leather armour
rNeg   . . .     SustAt   .     (no shield)
rPois  .         Gourm    .     c - +0 helmet
rElec  .         Spirit   .     (no cloak)
rCorr  .         Warding  .     (no gloves)
rMut   .         Stasis   .     (no boots)
MR     .....                    n - amulet of faith (curse)
Stlth  +.........               (no ring)
                                (no ring)

@: not resistant to hostile enchantments, very unstealthy
A: repulsion field 1, cold resistance 1
a: Scrying, Renounce Religion


You were on level 4 of the Dungeon.
You worshipped Ashenzari.
Ashenzari was aware of your devotion.
You were near starving.

You visited 1 branch of the dungeon, and saw 4 of its levels.

You collected 214 gold pieces.

Inventory:

Hand Weapons
 a - a +0 quarterstaff
 r - a +2 dagger of draining
 x - a +2 flail of protection (weapon)
Missiles
 d - 3 throwing nets (quivered)
Armour
 b - a +0 leather armour (worn)
 c - a +0 helmet (worn)
Rods
 u - a -2 rod of inaccuracy (13/13)
   (You found it on level 2 of the Dungeon)
Jewellery
 n - a cursed amulet of faith (around neck)
Scrolls
 j - 2 scrolls of teleportation {unknown}
 m - a scroll of amnesia {unknown}
 o - a scroll of fog {unknown}
 q - a scroll of enchant weapon {unknown}
 s - 2 scrolls of enchant armour {unknown}
 t - a scroll of immolation {unknown}
 w - 3 scrolls of remove curse
Potions
 l - a potion of degeneration
Comestibles
 e - 3 bread rations
 g - 2 fruits
 i - 2 meat rations
 k - 2 beef jerkies


   Skills:
 - Level 2.0 Fighting
 * Level 5.2 Staves
 - Level 1.7 Throwing
 + Level 3.9 Dodging


You had 4 spell levels left.
You didn't know any spells.

Dungeon Overview and Level Annotations

Branches:
Dungeon (4/15)
 Temple: D:4-7

Altars:
Ashenzari
Qazlal
Zin

Annotations:
D:4 EternalSandwich's ghost, amateur DsGl


Innate Abilities, Weirdness & Mutations

You are surrounded by a mild repulsion field (EV +2).
Your flesh is cold resistant.


Message History

EternalSandwich's ghost is severely damaged.
EternalSandwich's ghost barely misses you.
EternalSandwich's ghost hits you!
* * * LOW HITPOINT WARNING * * *
It was a potion of degeneration.
There was something very wrong with that liquid.
You feel clumsy.
EternalSandwich's ghost closely misses you.
You aren't carrying any items that can be evoked without being wielded.
That item cannot be evoked!
You barely miss EternalSandwich's ghost.
EternalSandwich's ghost is severely damaged.
EternalSandwich's ghost hits you but does no damage.
You hit EternalSandwich's ghost but do no damage.
EternalSandwich's ghost is severely damaged.
EternalSandwich's ghost completely misses you.
You barely miss EternalSandwich's ghost.
EternalSandwich's ghost is severely damaged.
EternalSandwich's ghost hits you!
You die...

###
############################.#
#<...........................#
############################.#
#.# ########## #.#
#########........###.###
.......@................
......)W................
........................
........................
#######'#...............
#.#########....... #
...####.####### ####.### +.
...'........... #.#
#.....##.#.#######


You could see EternalSandwich's ghost.

Vanquished Creatures
  A centaur (D:3)
  An orc priest (D:3)
  4 adders
  An ooze (D:1)
  3 worms
  8 orcs
  3 ball pythons
  8 bats
  12 goblins
  9 hobgoblins
  2 quokkas
  4 giant cockroaches
  2 giant newts (D:3)
  4 kobolds
  A quokka zombie (D:3)
  14 rats
77 creatures vanquished.

Vanquished Creatures (others)
  An orc wizard (D:3)
1 creature vanquished.

Grand Total: 78 creatures vanquished

Notes
Turn   | Place    | Note
--------------------------------------------------------------
     0 | D:1      | EternalSandwich the Demonspawn Gladiator began the quest for the Orb.
     0 | D:1      | Reached XP level 1. HP: 16/16 MP: 1/1
    64 | D:1      | Reached skill level 3 in Staves
    78 | D:1      | Gained mutation: You are surrounded by a mild repulsion field (EV +2). [demonic ancestry]
    78 | D:1      | Reached XP level 2. HP: 22/22 MP: 2/2
   109 | D:1      | Found a shattered altar of Ashenzari.
   142 | D:1      | Became a worshipper of Ashenzari the Shackled
   435 | D:1      | Gained mutation: Your flesh is cold resistant. [demonic ancestry]
   435 | D:1      | Reached XP level 3. HP: 23/27 MP: 3/3
  1351 | D:2      | Reached skill level 4 in Staves
  1351 | D:2      | Reached XP level 4. HP: 28/33 MP: 4/4
  1427 | D:2      | Found a glowing silver altar of Zin.
  1427 | D:2      | Reached * piety under Ashenzari
  2246 | D:3      | Reached XP level 5. HP: 36/38 MP: 5/5
  2351 | D:3      | Noticed a centaur
  2359 | D:3      | Killed a centaur
  2359 | D:3      | Reached skill level 5 in Staves
  2728 | D:3      | Found a stormy altar of Qazlal.
  3234 | D:4      | Noticed EternalSandwich's ghost (amateur DsGl)
  3287 | D:4      | Mangled by EternalSandwich's ghost

Action                   |  1- 3 |  4- 6 || total
-------------------------+-------+-------++-------
Melee: Quarterstaff      |    37 |       ||    37
       Short sword       |    27 |       ||    27
       Dagger            |    47 |    60 ||   107
       Flail             |       |    97 ||    97
Throw: Throwing net      |     1 |       ||     1
  Use: Potion            |       |     7 ||     7
 Stab: Sleeping          |     2 |       ||     2
  Eat: Chunk             |     1 |     5 ||     6
